 Dungeon Crawl Stone Soup version 0.25-a0-58-g9dd530fc12 (console) character file.

Game seed: 7475805971491119738, levelgen mode: deterministic

21 utis the Chopper (level 2, -1/16 HPs)
             Began as a Tengu Wanderer on Oct 26, 2019.
             Slain by a gnoll
             ... wielding a +0 spear
              (2 damage)
             ... on level 1 of the Dungeon.
             The game lasted 00:01:00 (501 turns).

utis the Chopper (Tengu Wanderer)                    Turns: 501, Time: 00:01:01

Health: -1/16      AC:  5    Str: 11    XL:     2   Next: 83%
Magic:  3/3        EV: 10    Int: 13    God:
Gold:   20         SH:  0    Dex: 13    Spells: 1/1 levels left

rFire    . . .     SeeInvis .   a - +2 hand axe
rCold    . . .     Gourm    .   (no shield)
rNeg     . . .     Faith    .   b - +0 ring mail
rPois    .         Spirit   .   (helmet restricted)
rElec    .         Reflect  .   (no cloak)
rCorr    .         Harm     .   (no gloves)
MR       .....                  (boots unavailable)
Stlth    +.........             (no amulet)
HPRegen  0.05/turn              (no ring)
MPRegen  0.08/turn              (no ring)

@: no status effects
A: beak, talons 3
a: no special abilities


You were on level 1 of the Dungeon.
You were not hungry.

You visited 1 branch of the dungeon, and saw 1 of its levels.

You collected 20 gold pieces.

Inventory:

Hand Weapons
 a - a +2 hand axe (weapon)
Armour
 b - a +0 ring mail (worn)
Scrolls
 f - a scroll of identify {unknown}
 h - a scroll of fog {unknown}
Potions
 c - a potion of curing {@q1}
 e - a potion of cancellation {unknown}
Comestibles
 d - 3 rations {@e1}


   Skills:
 + Level 1.4 Fighting
 * Level 4.7 Axes
 - Level 2.0 Throwing
 + Level 0.9 Armour
 + Level 1.0 Dodging
 - Level 3.2 Unarmed Combat


You had one spell level left.
You didn't know any spells.
Your spell library was empty.

Dungeon Overview and Level Annotations

Branches:
Dungeon (1/15)

Altars:


Innate Abilities, Weirdness & Mutations

You have a beak for a mouth.
You have claws for feet.


Message History

The gnoll closely misses you.
A rat comes into view.
You barely miss the gnoll. Your peck misses the gnoll.
The gnoll hits you with a +0 spear.
* * * LOW HITPOINT WARNING * * *
All of the chunks of flesh in your inventory have rotted away.
You slash the gnoll! Your kick misses the gnoll. You punch the gnoll.
The gnoll is almost dead.
The gnoll hits you with a +0 spear.
* * * LOW HITPOINT WARNING * * *
You barely miss the gnoll.
The gnoll is almost dead.
The gnoll hits you with a +0 spear.
* * * LOW HITPOINT WARNING * * *
Unknown command.
You closely miss the gnoll. Your kick misses the gnoll.
Your peck misses the gnoll.
The gnoll is almost dead.
The gnoll hits you with a +0 spear.
You die...

░.....░░...░░..░░.░
......░░░.░░░.....░
...░░░.░░░░░.░░░..░
.)..░░░.░░░.░░░...░
░░...░░░...░░░....░
░░....░░.<.░░.....░░░░░
░░...░░░...░░░........
░░..░░░.░░░.░░░..gr░
.░)░░░.░░ ░░.░░░Q..░
.░)...░░ . ░░...†..░
.[░...░ .. ░......░
░.░...░... ░......░
░...░............░.░
...............░.░+░
░░..░░░░.░░░░░░░..
.....░ .░ ░... ░░░..░ ░
....


You could see a gnoll and a rat.

Vanquished Creatures
  An ooze (D:1)
  2 leopard geckos (D:1)
  2 bats (D:1)
  A giant cockroach (D:1)
  3 goblins (D:1)
  A frilled lizard (D:1)
  4 kobolds (D:1)
  A rat (D:1)
15 creatures vanquished.

Notes
Turn   | Place    | Note
-------+----------+-------------------------------------------
     0 | D:1      | utis the Tengu Wanderer began the quest for the Orb.
     0 | D:1      | utis set off with the following items: a +2 hand axe, a +0
                  | ring mail, a potion of curing {@q1}, a ration {@e1}
     0 | D:1      | Reached XP level 1. HP: 12/12 MP: 2/2
   101 | D:1      | Reached XP level 2. HP: 12/16 MP: 3/3
   496 | D:1      | Reached skill level 1 in Dodging
   501 | D:1      | Slain by a gnoll

Levels and vault maps discovered:
D:1:      roderic_crossed_star, layout_basic

Skill      XL: |  1  2 |
---------------+-------+-----
Dodging        | 1 |  1.0
Fighting       | |  1.4
Axes           | |  4.7
Throwing       | |  2.0
Armour         | |  0.9
Unarmed Combat | |  3.2

Action                   || total
-------------------------++-------
Melee: Hand axe          ||    36
       Peck              ||     6
       Kick              ||     5
       Punch             ||     1
Armor: Ring mail         ||    16
Dodge: Dodged            ||    12

Table legend:
 A = Non-vault XP
 B = Vault XP
 C = Vault XP percentage of total XP
 D = Non-vault monster count
 E = Vault monster count
 F = Vault count percentage of total count
                 A         B        C        D         E       F
            +---------+---------+-------+---------+---------+-------
      Total |      30 |       0 |   0.0 |      15 |       0 |   0.0
            +---------+---------+-------+---------+---------+-------
        D:1 |      30 |       0 |   0.0 |      15 |       0 |   0.0
            +---------+---------+-------+---------+---------+-------
